 Dungeon Crawl Stone Soup version 0.24.0-37-gcf1ca852f1 (webtiles) character file.

Game seed: 2282567999801077945, levelgen mode: deterministic

3861 PentaManta the Nimble (level 10, -6/63 HPs)
             Began as an Octopode Berserker on Dec 1, 2019.
             Was a Priest of Trog.
             Mangled by a crocodile (11 damage)
             ... on level 8 of the Dungeon.
             The game lasted 00:15:50 (7429 turns).

PentaManta the Nimble (Octopode Berserker)          Turns: 7429, Time: 00:15:51

Health: -6/63      AC:  1    Str: 18    XL:     10   Next: 18%
Magic:  10/10      EV: 20    Int:  9    God:    Trog [***...]
Gold:   267        SH:  0    Dex: 14    Spells: 9/9 levels left

rFire    . . .     SeeInvis .     - Unarmed
rCold    + . .     Gourm    .   (no shield)
rNeg     . . .     Faith    .   (helmet restricted)
rPois    .         Spirit   .   (no amulet)
rElec    .         Reflect  .   s - ring of flight
rCorr    .         Harm     .   v - ring of protection from cold
MR       ++...                  (no ring)
Stlth    ++........             (no ring)
HPRegen  1.20/turn              (no ring)
MPRegen  0.12/turn              (no ring)
                                (no ring)
                                (no ring)

@: lethally poisoned (-6 -> -6), berserk cooldown, starving, regenerating,
slowed, very slow
A: almost no armour, stealthy swim, amphibious, 8 rings, constrict 8, camouflage
1, gelatinous body 1
a: Berserk, Trog's Hand, Renounce Religion, Evoke Flight


You were on level 8 of the Dungeon.
You worshipped Trog.
Trog was most pleased with you.
You were starving.

You visited 2 branches of the dungeon, and saw 9 of its levels.

You collected 435 gold pieces.
You spent 168 gold pieces at shops.

Inventory:

Hand Weapons
 e - a +1 hunting sling
 A - the cursed +0 war axe of Liqy {pain, MR- Int+2 SInv, unknown}
   (You found it on level 6 of the Dungeon)

   In the hands of one skilled in necromantic magic, it inflicts extra damage on
   living creatures.
   It affects your intelligence (+2).
   It affects your resistance to hostile enchantments.
   It lets you see invisible.
   It has a curse placed upon it.
Missiles
 f - 5 javelins
 g - 185 stones
 m - 67 sling bullets
 n - 22 poisoned darts (quivered)
 t - 6 boomerangs
Jewellery
 j - the ring of Equilibrium {Str+4 Dex+4 SInv, unknown}
   (You found it on level 6 of the Dungeon)

   [ring of see invisible]

   It affects your strength (+4).
   It affects your dexterity (+4).
   It lets you see invisible.
 s - a ring of flight (left tentacle)
 v - a ring of protection from cold (right tentacle)
Wands
 l - a wand of paralysis (28)
 o - a wand of iceblast (5)
 p - a wand of clouds (3)
 F - a wand of flame (18)
Scrolls
 b - 7 scrolls of remove curse
 h - 4 scrolls of identify
 r - a scroll of fear {unknown}
 u - 2 scrolls of enchant armour {unknown}
 x - a scroll of magic mapping {unknown}
 y - a scroll of random uselessness {unknown}
 B - a scroll of fog {unknown}
 C - a scroll of teleportation {unknown}
 E - a scroll of enchant weapon
Potions
 c - 2 potions of lignification
 d - a potion of magic {unknown}
 i - 3 potions of curing
 k - a potion of flight {unknown}
 q - a potion of might {unknown}
 w - a potion of heal wounds
 z - a potion of resistance {unknown}
 D - a potion of haste
Comestibles
 a - 4 rations


   Skills:
 - Level 3.1 Fighting
 + Level 10.5 Dodging
 + Level 10.5 Unarmed Combat


You had 9 spell levels left.
You didn't know any spells.
Your spell library contained the following spells:

 Spells                   Type           Power        Failure   Level  Hunger
 Summon Small Mammal      Summ           #...         38%         1    ##.....
 Call Imp                 Summ           #.......     52%         2    ###....
 Call Canine Familiar     Summ           #.......     77%         3    ####...
 Summon Guardian Golem    Hex/Summ       #.......     77%         3    ####...
 Summon Ice Beast         Ice/Summ       #.......     99%         4    #####..
 Summon Lightning Spire   Summ/Air       #.......     99%         4    #####..


Dungeon Overview and Level Annotations

Branches:
Dungeon (8/15)             Temple (1/1) D:6            Lair (0/6) D:8

Altars:
Ashenzari
Cheibriados
Fedhas
Hepliaklqana
Makhleb
Okawaru
Vehumet
Wu Jian
Zin

Shops:
D:5 !

Annotations:
D:3 2 transporters, haesbaert's ghost, weakling DrAE


Innate Abilities, Weirdness & Mutations

You cannot wear most types of armour.
You are very stealthy in the water. (Stealth+)
You are amphibious.
You can wear up to eight rings at the same time.
You can use your tentacles to constrict eight enemies at once.
Your skin changes colour to match your surroundings (Stealth+).
Your rubbery body absorbs attacks. (AC +1, EV +1)


Message History

You feel sick.
The porcupine bites the plant but does no damage.
The crocodile misses you.
You feel sick.
The porcupine bites the plant but does no damage.
The porcupine completely misses the plant.
Your skin crawls.
You feel resistant to hostile enchantments.
You feel somewhat more hungry.
You feel sick.
The porcupine bites the plant!
The crocodile closely misses you. The crocodile barely misses you.
The porcupine bites the plant.
Your black bear goes berserk!
You are starving!
You can no longer call in reinforcements.
The porcupine bites the plant.
The crocodile bites you!
* * * LOW HITPOINT WARNING * * *
The porcupine bites the plant!
The plant is destroyed!
You feel sick. The crocodile bites you!
You die...

### ..# ### #.#
...# #.# P...#
#.# #####
♣.....##.###...#
.P..P.♣..t@....#
.....P..h###...#
.P.P..†..# ##.##
P....♣[PP# #.#
...P...P$#
#.###########
.>..P....#
#...........#
..♣...P♣.#
###########.#
P.....P.r# #.#
... ..P....P##
#.#


You could see a crocodile and a friendly black bear (berserk).

Vanquished Creatures
  A hornet (D:7)
  4 yaks (D:8)
  A basilisk (D:8)
  A water moccasin (D:6)
  Duvessa (D:6)
  A porcupine (D:8)
  A sky beast (D:5)
  A black bear (D:7)
  2 phantoms
  3 ogres
  2 centaurs
  2 crocodiles (D:8)
  2 bullfrogs
  Dowan (D:6)
  6 scorpions
  9 wights
  3 crimson imps
  4 orc wizards
  An iguana (D:7)
  An orc priest (D:4)
  A bullfrog skeleton (D:8)
  6 hounds
  Jessica (D:3)
  5 worker ants
  A hound zombie (D:8)
  A worker ant zombie (D:6)
  7 adders
  A shadow imp (D:5)
  3 oozes
  3 worms
  3 dart slugs
  3 leopard geckos
  23 orcs
  5 giant cockroaches
  13 goblins
  5 hobgoblins
  5 jackals (D:4)
  3 quokkas
  A ball python (D:5)
  4 bats
  4 frilled lizards
  4 kobolds
  9 rats
158 creatures vanquished.

Vanquished Creatures (others)
  A fungus (D:8)
  15 plants
16 creatures vanquished.

Grand Total: 174 creatures vanquished

Notes
Turn   | Place    | Note
-------+----------+-------------------------------------------
     0 | D:1      | PentaManta the Octopode Berserker began the quest for the
                  | Orb.
     0 | D:1      | Reached XP level 1. HP: 16/16 MP: 1/1
    42 | D:1      | Reached XP level 2. HP: 17/21 MP: 2/2
   547 | D:2      | Reached XP level 3. HP: 26/26 MP: 3/3
   578 | D:2      | Found a burning altar of Makhleb.
   578 | D:2      | Noticed a balrug
   583 | D:2      | Found a glowing silver altar of Zin.
   583 | D:2      | Noticed an angel
   806 | D:2      | Found a hazy altar of Hepliaklqana.
  1154 | D:3      | Found a blossoming altar of Fedhas.
  1177 | D:3      | Noticed Jessica
  1184 | D:3      | Killed Jessica
  1184 | D:3      | Reached ** piety under Trog
  1184 | D:3      | Reached XP level 4. HP: 29/31 MP: 4/4
  1295 | D:3      | Found a snail-covered altar of Cheibriados.
  1447 | D:3      | Found a transporter.
  1451 | D:3      | Identified the +4 scale mail "Lusu" {-Tele rElec Int+4
                  | Dex+4}
  1451 | D:3      | Identified the +0 buckler of the Skies Above {MR+}
  1451 | D:3      | Noticed a gnoll sergeant
  1457 | D:3      | Found a transporter.
  1457 | D:3      | Noticed haesbaert's ghost (weakling DrAE)
  1502 | D:3      | Reached XP level 5. HP: 34/36 MP: 5/5
  1960 | D:4      | Noticed a phantom
  2117 | D:3      | Killed a phantom
  2117 | D:3      | Reached skill level 5 in Dodging
  2117 | D:3      | Reached skill level 5 in Unarmed Combat
  2117 | D:3      | Reached XP level 6. HP: 19/42 MP: 6/6
  2240 | D:4      | Reached XP level 7. HP: 46/46 MP: 7/7
  3036 | D:5      | Entered Level 5 of the Dungeon
  3125 | D:5      | Reached *** piety under Trog
  3415 | D:5      | Reached XP level 8. HP: 36/52 MP: 8/8
  3522 | D:5      | Found Reromn's Distillery.
  3529 | D:5      | Bought a potion of curing for 36 gold pieces
  3529 | D:5      | Bought 2 potions of curing for 72 gold pieces
  3529 | D:5      | Bought a potion of heal wounds for 60 gold pieces
  3620 | D:5      | HP: 2/78 [something (6)]
  4432 | D:6      | Found a shattered altar of Ashenzari.
  4580 | D:6      | Noticed Duvessa
  4587 | D:6      | Noticed Dowan
  4589 | D:6      | Killed Duvessa
  4598 | D:6      | HP: 1/78 [Dowan/shard of ice (11)]
  4599 | D:6      | Killed Dowan
  4981 | D:6      | Found a staircase to the Ecumenical Temple.
  4997 | Temple   | Entered the Ecumenical Temple
  5021 | D:6      | Reached XP level 9. HP: 51/56 MP: 9/9
  5048 | D:6      | Got a glittering golden ring
  5164 | D:6      | Got a brightly glowing war axe
  5192 | D:6      | Found a shattered altar of Ashenzari.
  5527 | D:7      | Noticed a hornet
  5531 | D:7      | Killed a hornet
  5669 | D:7      | Found an ornate altar of the Wu Jian Council.
  6461 | D:8      | Found a radiant altar of Vehumet.
  6729 | D:8      | Reached **** piety under Trog
  6924 | D:8      | Reached skill level 10 in Dodging
  7157 | D:8      | Reached skill level 10 in Unarmed Combat
  7343 | D:8      | Found an iron altar of Okawaru.
  7398 | D:8      | Found a staircase to the Lair.
  7402 | D:8      | Reached XP level 10. HP: 63/63 MP: 10/10
  7429 | D:8      | Mangled by a crocodile

Levels and vault maps discovered:
D:1:      minmay_arrival_checkered_box, layout_basic
D:2:      layout_rooms, grunt_temple_overflow_order_and_chaos_2,
          lemuel_round_altar, first_ration
D:3:      layout_loops_ring, fedhas_altar_3, kennysheep_slug_shrine,
          gammafunk_ghost_gnarly_gnolls, uniq_jessica
D:4:      layout_cave_pools
D:5:      layout_loops_ring, serial_shops, shop
D:6:      layout_basic, ashenzari_conservatory_becter,
          minmay_temple_entry_ruins, basic_altar, uniq_duvessa
D:7:      layout_loops_ring, lemuel_coloured_pillars_altar
D:8:      layout_loops_ring, vehumet_altar_wand_db, marbit_many_paths,
          minmay_lair_entry_grove, serial_shops, kennysheep_little_box
Temple:   minmay_temple_curvy_loop

Skill      XL: |  1  2  3  4  5  6  7  8  9 |
---------------+----------------------------+-----
Dodging        | 4 5 6 8 10 | 10.5
Unarmed Combat | 4 5 6 8 10 | 10.5
Fighting       | |  3.1

Action                   |  1- 3 |  4- 6 |  7- 9 | 10-12 || total
-------------------------+-------+-------+-------+-------++-------
Melee: Unarmed           |    63 |    95 |   221 |    20 ||   399
       Constrict         |    15 |    22 |    54 |     2 ||    93
       Tentacles         |    12 |    18 |    54 |     3 ||    87
       Punch             |       |     5 |    13 |     2 ||    20
Throw: Dart              |       |       |     3 |       ||     3
Invok: Berserk           |     3 |     4 |    16 |       ||    23
       Trog's Hand       |       |     2 |     1 |     1 ||     4
       Brothers in Arms  |       |       |       |     1 ||     1
 Abil: Evoke Flight      |       |       |     2 |       ||     2
  Use: Scroll            |       |     4 |       |       ||     4
       Potion            |       |       |     1 |       ||     1
 Stab: Sleeping          |     6 |     8 |     2 |       ||    16
  Eat: Chunk             |     2 |     5 |    17 |       ||    24
       Ration            |       |     1 |     4 |       ||     5
Armor: Skin              |     7 |     4 |     3 |       ||    14
Dodge: Dodged            |    40 |    73 |   162 |    14 ||   289
